Map: Blueshift LE

Players

llIllllIllll - Winner!

  • Race: Protoss Protoss
  • League: Master
  • Spawn Location: 7:00

Thor

  • Race: Zerg Zerg
  • League: Master
  • Spawn Location: 1:00

VOD

Have the link to the VOD?

Description

Time

  • Played on: Oct. 19, 2018, 12:02 a.m.
  • Length: 14:34
Show
View Real Time Build Order
Export as new Build Order

llIllllIllll Protoss - Winner!

Build Orders: Forge Fast Expand (FFE) 

Get SALT Encoding   

  12  0:01  Probe  
  13  0:17  Pylon  
  13  0:18  Probe  
  14  0:30  Probe  
  15  0:40  Forge  
  15  0:42  Probe  
  16  0:50  Pylon  
  16  0:56  Probe  
  17  1:08  Probe  
  18  1:16  Pylon  
  18  1:26  Nexus  
  18  1:37  Pylon  
  18  1:39  Gateway  
  18  1:42  Probe  
  19  1:58  Photon Cannon  
  19  2:08  Photon Cannon  
  19  2:10  Photon Cannon  
  19  2:12  Probe  
  20  2:19  Zealot  
  22  2:47  Photon Cannon  
  22  2:49  Pylon  
  22  3:02  Assimilator  
  22  3:06  Assimilator  
  22  3:09  Probe  
  23  3:15  Assimilator  
  23  3:19  Assimilator  
  23  3:21  Probe  
  24  3:27  Cybernetics Core  
  24  3:32  Probe  
  25  3:38  Probe  
  25  3:40  Probe  
  25  3:46  Probe  
  27  3:49  Probe  
  29  4:00  Probe  
  30  4:10  Stargate  
  30  4:12  Probe  
  30  4:14  Probe, Pylon  
  32  4:20  Probe  
  32  4:22  Probe  
  32  4:29  Probe  
  32  4:30  Probe  
  36  4:39  Probe  
  36  4:42  Shield Battery  
  37  4:47  Void Ray  
  37  4:48  Photon Cannon  
  41  5:11  Photon Cannon  
  41  5:13  Shield Battery  
  41  5:16  Probe  
  42  5:23  Shield Battery  
  42  5:24  Pylon  
  42  5:33  Void Ray  
  46  5:57  Stalker  
  48  6:08  Fleet Beacon  
  48  6:12  Photon Cannon  
  48  6:16  Void Ray  
  50  6:58  Pylon  
  50  7:01  Nexus  
  50  7:31  Probe  
  50  7:34  Pylon  
  50  7:36  Assimilator, Pylon  
  51  7:40  Assimilator  
  51  7:41  Pylon  
  51  7:43  Probe  
  52  7:44  Stargate x2  
  52  7:48  Stargate  
  52  7:49  Oracle  
  55  7:52  Pylon  
  55  8:18  Probe  
  56  8:26  Probe x2, Oracle  
  61  8:31  Probe  
  61  8:32  Oracle x3  
  71  8:38  Probe x2  
  71  8:39  Photon Cannon  
  73  8:43  Probe  
  74  8:50  Probe x2  
  76  9:02  Probe x2, Pylon  
  78  9:03  Pylon  
  78  9:09  Oracle x3  
  87  9:14  Probe x2  
  87  9:15  Oracle  
  92  9:26  Probe  
  89  9:50  Oracle x3  
  98  9:59  Photon Cannon  
  98  10:01  Photon Cannon  
  98  10:02  Photon Cannon, Oracle  
  98  10:04  Photon Cannon  
  101  10:27  Oracle x3  
  110  10:39  Oracle  
  113  10:48  Photon Cannon  
  113  10:50  Photon Cannon  
  113  10:59  Photon Cannon x2  
  113  11:04  Oracle x3  
  113  11:05  Photon Cannon  
  113  11:07  Probe  
  113  11:10  Probe  
  124  11:19  Probe  
  125  11:27  Twilight Council  
  125  11:30  Gateway  
  125  11:31  Gateway  
  125  11:39  Oracle  
  125  11:44  Oracle  
  125  12:02  Gateway  
  125  12:03  Gateway  
  125  12:05  Gateway  
  125  12:06  Pylon  
  125  12:19  Pylon  
  125  12:24  Probe, Oracle x2  
  125  12:27  Charge  
  132  12:37  Oracle, Zealot x2  
  139  13:04  Zealot  
  141  13:10  Pylon  
  141  13:11  Pylon  
  141  13:12  Pylon  
  141  13:13  Pylon  
  141  13:14  Zealot x2  
  141  13:15  Fleet Beacon  
  141  13:17  Pylon  
  141  13:18  Pylon  
  141  13:28  Oracle, Zealot x2  
  141  13:31  Zealot  
  141  13:33  Probe  
  151  13:36  Photon Cannon  
  151  13:37  Photon Cannon  
  153  13:41  Zealot  
  153  13:45  Probe  
  151  13:55  Zealot x2  
  151  13:57  Probe  
Show
View Real Time Build Order
Export as new Build Order

Thor Zerg 

Build Orders: Pool First 

Get SALT Encoding   

  12  0:01  Drone  
  13  0:12  Overlord  
  13  0:17  Drone  
  14  0:30  Drone x2  
  16  0:49  Spawning Pool  
  15  0:50  Drone x2  
  17  0:58  Drone  
  18  1:18  Hatchery  
  17  1:31  Extractor  
  16  1:35  Zergling x6  
  16  1:37  Queen  
  21  1:46  Overlord  
  21  2:00  Drone  
  22  2:09  Drone  
  23  2:16  Queen  
  23  2:20  Drone  
  26  2:31  Drone  
  26  2:33  Zergling x2  
  28  2:41  Zergling x2  
  28  2:42  Zergling x2  
  30  2:47  Roach Warren  
  30  2:48  Zergling x2  
  30  2:50  Drone  
  30  2:52  Zergling x2  
  30  2:53  Zergling x2  
  30  2:54  Zergling x2  
  32  3:02  Metabolic Boost  
  30  3:19  Hatchery  
  29  3:34  Spine Crawler  
  28  3:35  Spine Crawler  
  28  3:37  Roach  
  29  3:42  Overlord  
  31  3:50  Lair  
  31  4:01  Roach  
  33  4:05  Drone  
  33  4:06  Extractor  
  33  4:09  Roach  
  35  4:10  Drone x2  
  35  4:12  Overlord  
  37  4:33  Drone x4  
  43  4:42  Roach  
  43  4:43  Zergling x2  
  46  4:49  Glial Reconstitution  
  46  4:54  Drone  
  46  4:57  Drone x3  
  48  5:01  Drone  
  48  5:05  Drone  
  50  5:10  Ravager  
  51  5:15  Overlord  
  51  5:29  Overlord  
  51  5:30  Overlord  
  51  5:41  Ravager x3, Spore Crawler  
  53  5:50  Queen  
  55  5:58  Roach x4  
  55  6:02  Roach  
  65  6:07  Roach  
  65  6:08  Drone  
  65  6:09  Drone x2  
  65  6:10  Drone  
  71  6:27  Roach  
  71  6:31  Queen  
  74  6:38  Spore Crawler  
  74  6:39  Roach  
  75  6:45  Queen, Extractor  
  72  6:55  Overlord x2  
  72  6:58  Hydralisk Den  
  71  7:06  Overlord  
  71  7:11  Overlord  
  71  7:13  Overlord  
  66  7:24  Roach  
  68  7:33  Drone x2  
  68  7:34  Drone x2  
  72  7:38  Drone  
  72  7:39  Grooved Spines  
  72  7:41  Drone  
  72  7:42  Drone  
  75  7:44  Drone, Evolution Chamber  
  75  7:46  Extractor  
  73  7:51  Hatchery  
  72  8:13  Overlord  
  72  8:14  Overlord  
  72  8:26  Zerg Missile Weapons Level 1  
  72  8:27  Overlord  
  72  8:31  Queen, Hatchery  
  73  8:38  Drone x9  
  80  8:43  Drone  
  80  8:50  Drone  
  80  8:51  Muscular Augments  
  81  8:57  Drone  
  81  9:00  Drone x3  
  81  9:02  Drone  
  86  9:06  Hydralisk  
  88  9:13  Zergling x2  
  89  9:21  Hydralisk  
  91  9:24  Overlord  
  88  9:32  Hydralisk  
  88  9:38  Hydralisk  
  92  9:49  Queen x2  
  98  9:55  Drone  
  98  9:56  Hydralisk x2  
  98  9:57  Hydralisk x2, Extractor  
  98  9:58  Overlord  
  98  9:59  Overlord x5  
  94  10:17  Spore Crawler  
  94  10:18  Spore Crawler  
  94  10:19  Spore Crawler x2  
  94  10:20  Spore Crawler, Drone x2  
  91  10:28  Drone  
  90  10:31  Drone  
  86  10:36  Hydralisk, Drone  
  86  10:37  Hydralisk x5  
  82  10:53  Zerg Missile Weapons Level 2  
  82  10:54  Hatchery  
  81  11:01  Drone x5  
  86  11:07  Extractor  
  86  11:08  Drone  
  86  11:16  Zergling x2  
  86  11:17  Hydralisk x2  
  91  11:20  Drone  
  91  11:21  Drone  
  93  11:31  Zergling x2  
  94  11:36  Drone  
  72  11:53  Hatchery  
  69  11:55  Hydralisk  
  69  11:56  Hydralisk x2  
  75  12:12  Drone  
  74  12:22  Drone x3  
  77  12:29  Drone  
  78  12:35  Drone  
  78  12:36  Drone x4  
  83  12:40  Hatchery  
  75  12:47  Hydralisk  
  75  12:48  Hydralisk  
  60  13:06  Drone x4  
  63  13:13  Ravager  
  63  13:17  Drone  
  65  13:21  Hatchery  
  65  13:23  Drone x2  
  66  13:29  Drone  
  66  13:30  Drone x2  
  66  13:32  Drone  
  66  13:33  Drone  
  71  13:44  Drone  
Tags
 
Add a new tag
Caveats
  • Supply blocks, unpowered buildings, or Contaminate may cause inaccurate times.
  • Supply counts are checked every 10 seconds.